 Dungeon Crawl Stone Soup version 0.13.0-65-g2bb7898 (webtiles) character file.

184 Chiseanne the Cudgeler (level 4, -1/48 HPs)
             Began as an Ogre Berserker on Nov 26, 2013.
             Was a Believer of Trog.
             Slain by an iguana (15 damage)
             ... on Level 3 of the Dungeon.
             The game lasted 00:05:35 (2528 turns).

Chiseanne the Cudgeler (Ogre Berserker)             Turns: 2528, Time: 00:05:36

HP  -1/48        AC  3     Str 23      XL: 4   Next: 69%
MP   3/3         EV 10     Int  6      God: Trog [**....]
Gold 86          SH  0     Dex  9      Spells:  0 memorised,  3 levels left

Res.Fire  : . . .   See Invis. : .   a - +0 mace
Res.Cold  : . . .   Warding    : .   e - +0 robe
Life Prot.: . . .   Conserve   : .   (shield restricted)
Res.Poison: .       Res.Corr.  : .   (helmet restricted)
Res.Elec. : .       Clarity    : .   (no cloak)
Sust.Abil.: . .     Spirit.Shd : .   (gloves unavailable)
Res.Mut.  : .       Rnd.Telep. : +   (boots unavailable)
Res.Rott. : .       Flight     : .   (no amulet)
Saprovore : + . .                    (no ring)
                                     (no ring)

@: slightly resistant to hostile enchantments, very unstealthy
A: unfitting armour, hooves 1, blink 1, fast metabolism 1, saprovore 1,
teleportitis 1, tough skin 1
a: Blink, Burn Spellbooks, Berserk, Trog's Hand, Renounce Religion


You were on level 3 of the Dungeon.
You worshipped Trog.
Trog was pleased with you.
You were near starving.

You visited 1 branch of the dungeon, and saw 3 of its levels.

You collected 66 gold pieces.

Inventory:

Hand weapons
 a - a +0,+0 mace (weapon)
 o - a +0 blowgun
Missiles
 n - 10 darts of flame (quivered)
Armour
 e - a +0 robe (worn)
Comestibles
 c - 4 meat rations
 i - a cheese
 l - an apricot
Scrolls
 b - 5 scrolls of noise {unknown}
 d - a scroll of magic mapping {unknown}
 f - a scroll of enchant weapon I {unknown}
 g - a scroll of random uselessness {unknown}
 h - 2 scrolls of identify {unknown}
 j - 2 scrolls of remove curse {unknown}
 k - 3 scrolls of fog {unknown}
 m - a scroll of enchant armour {unknown}
 p - a scroll of enchant weapon II {unknown}
Potions
 q - a potion of confusion {unknown}


   Skills:
 * Level 4.8 Fighting
 * Level 4.9 Maces & Flails
 * Level 4.1 Dodging


You had 3 spell levels left.
You didn't know any spells.

Dungeon Overview and Level Annotations

Branches:
Dungeon (3/27)

Altars:


Innate Abilities, Weirdness & Mutations

You are too large for most types of armour.
You have a fast metabolism.
You can tolerate rotten meat.
You have tough skin (AC +1).
You have large cloven feet.
You can translocate small distances at will.
Space occasionally distorts in your vicinity.


Message History

You closely miss the iguana.
The iguana is moderately wounded.
The iguana barely misses you.
You hit the iguana. You kick the iguana, but do no damage.
The iguana is heavily wounded.
The iguana closely misses you.
You hit the iguana. You kick the iguana.
The iguana is almost dead.
The iguana closely misses you.
You closely miss the iguana. You kick the iguana, but do no damage.
The iguana is severely wounded.
The iguana barely misses you. The iguana closely misses you.
You hit the iguana but do no damage.
The iguana is severely wounded.
The iguana bites you.
* * * LOW HITPOINT WARNING * * *
You hit the iguana. Your kick misses the iguana.
The iguana is almost dead.
The iguana bites you!
You die...

..#...#....... #...
###...#######.<####..
#... #...# #.........
.... #...# #..........
.... #...# #..$.....!..
...# #...# #...........
#...#######...........
#.............l........
##............@........
#.....................
####.........########...#
## .............# . #.
......######## #. ####..#
## #..# ..# #..#
#...######### #..
#...#........


You could see an iguana.

Vanquished Creatures
  Jessica (D:2)
  5 adders
  8 bats
  2 goblins
  4 hobgoblins
  A quokka (D:3)
  2 ball pythons
  3 giant cockroaches
  2 giant newts
  12 kobolds
  2 rats
42 creatures vanquished.

Notes
Turn   | Place    | Note
--------------------------------------------------------------
     0 | D:1      | Chiseanne, the Ogre Berserker, began the quest for the Orb.
     0 | D:1      | Reached XP level 1. HP: 23/23 MP: 0/0
   196 | D:1      | Reached XP level 2. HP: 32/32 MP: 1/1
   399 | D:1      | Acquired Trog's second power
  1010 | D:2      | Reached XP level 3. HP: 28/39 MP: 2/2
  1288 | D:2      | Paralysed by a potion of paralysis for 3 turns
  1291 | D:2      | Gained mutation: You have large cloven feet. [potion of mutation]
  1291 | D:2      | Gained mutation: Space occasionally distorts in your vicinity. [potion of mutation]
  1291 | D:2      | Gained mutation: You can translocate small distances at will. [potion of mutation]
  1323 | D:2      | Noticed Jessica
  1326 | D:2      | Killed Jessica
  1364 | D:2      | Reached XP level 4. HP: 43/48 MP: 3/3
  2528 | D:3      | Slain by an iguana

Action                   |  1- 3 |  4- 6 || total
-------------------------+-------+-------++-------
Melee: Mace              |    95 |    49 ||   144
Invok: Trog's Hand       |       |     4 ||     4
  Use: Potion            |     3 |       ||     3
